 Dungeon Crawl Stone Soup version 0.16-a0-3465-g53c7d0b (console) character file.

40 MrRokkomies the Charmwright (level 3, -1/26 HPs)
             Began as a High Elf Skald on Jan 2, 2015.
             Killed from afar by Terence (8 damage)
             ... with a wand of magic darts
             ... on level 2 of the Dungeon.
             The game lasted 00:07:40 (1482 turns).

MrRokkomies the Charmwright (High Elf Skald)        Turns: 1482, Time: 00:07:40

Health: -1/26      AC:  3    Str: 11    XL:     3   Next: 30%
Magic:  7/8        EV: 11    Int: 17    God:
Gold:   108        SH:  0    Dex: 14    Spells: 2 memorised, 3 levels left

rFire  . . .     SeeInvis .     o - +0 dagger (venom)
rCold  . . .     Clarity  .     b - +0 leather armour
rNeg   . . .     SustAb   .     (no shield)
rPois  .         Gourm    .     (no helmet)
rElec  .         Spirit   .     (no cloak)
rCorr  .         Warding  .     (no gloves)
rMut   .         Stasis   .     (no boots)
MR     +....                    (no amulet)
Stlth  +.........               (no ring)
                                l - ring of protection from magic

@: shrouded, somewhat resistant to hostile enchantments, very unstealthy
A: no striking features
a: no special abilities


You were on level 2 of the Dungeon.
You were very hungry.

You visited 1 branch of the dungeon, and saw 2 of its levels.

You collected 108 gold pieces.

Inventory:

Hand weapons
 a - a +0 falchion
 o - a +0 dagger of venom (weapon)
Missiles
 e - 52 arrows
 g - 11 poisoned arrows
Armour
 b - a +0 leather armour (worn)
Jewellery
 l - a ring of protection from magic (left hand)
Scrolls
 j - a scroll of teleportation
 k - 2 scrolls of random uselessness {unknown}
 m - a scroll of enchant weapon {unknown}
 n - a scroll of immolation
Potions
 h - a potion of restore abilities
 p - a potion of poison {unknown}
Books
 c - a book of Battle

   Spells                             Type                      Level
   a - Infusion                       Charms                       1
   b - Shroud of Golubria             Charms/Translocation         2
   c - Song of Slaying                Charms                       2
   d - Spectral Weapon                Hexes/Charms                 3
   e - Regeneration                   Charms/Necromancy            3
Comestibles
 d - a bread ration
 f - 2 beef jerkies
 i - 2 meat rations


   Skills:
 * Level 3.0 Fighting
 * Level 3.6 Long Blades
 - Level 0.8 Armour
 - Level 1.1 Dodging
 - Level 2.4 Spellcasting
 - Level 3.6 Charms


You had 3 spell levels left.
You knew the following spells:

 Your Spells              Type           Power        Failure   Level  Hunger
a - Infusion              Chrm           ##....       4%          1    #......
b - Shroud of Golubria    Chrm/Tloc      #.........   17%         2    ##.....


Dungeon Overview and Level Annotations

Branches:
Dungeon (2/15)

Altars:
Dithmenos

Annotations:
D:2 Terence


Message History

Terence is lightly wounded.
You hit Terence but do no damage.
Terence is moderately wounded.
Terence zaps a wand.
The magic dart hits you!
You completely miss Terence.
Terence is moderately wounded.
Terence closely misses you.
You miss Terence.
Terence is moderately wounded.
Terence zaps a wand.
The magic dart hits you!
* * * LOW HITPOINT WARNING * * *
You hit Terence but do no damage.
Terence is heavily wounded.
Terence misses you.
You closely miss Terence.
Terence is heavily wounded.
You hit Terence but do no damage.
Terence is heavily wounded.
Terence zaps a wand.
The magic dart hits you!
You die...

#.......##...# #.#
#.#...#.###.###########..
#...............##......#
#.#######.......##.####.#
#.# ### #.......##.####.#
#.#######.........[.....#
#...'_'.........#..#.##.#
#.###'###.......#..#.##.#
#.# #.# #.......#.......#
#.###.###.#.#####.##.##.#
#.......@.#.# #.##.##.#
##...####@....# #........
#..## #.....# ##.#.###.
#.## #.....# #.#.###. #.#
.....# #.#..##. #.#
.....# #.##.##. #.###
##### #....... #.#.. ..#
####.### #.#.# ##.######
#.# #.#.####.......# #.#
#.#.##......##.#####.#


You could see Terence.

Vanquished Creatures
  A giant mite (D:2)
  A worm (D:2)
  An ooze (D:2)
  A bat (D:1)
  6 hobgoblins
  A quokka (D:2)
  3 giant newts
  2 goblins
  6 kobolds
  A rat (D:2)
23 creatures vanquished.

Notes
Turn   | Place    | Note
--------------------------------------------------------------
     0 | D:1      | MrRokkomies, the High Elf Skald, began the quest for the Orb.
     0 | D:1      | Reached XP level 1. HP: 14/14 MP: 4/4
   414 | D:1      | Reached XP level 2. HP: 14/20 MP: 6/6
   423 | D:1      | Learned a level 2 spell: Shroud of Golubria
  1056 | D:2      | Reached XP level 3. HP: 25/25 MP: 8/8
  1438 | D:2      | Found a shadowy altar of Dithmenos.
  1470 | D:2      | Noticed Terence
  1482 | D:2      | Killed from afar by Terence

Action                   || total
-------------------------++-------
Melee: Falchion          ||   105
       Dagger            ||     8
 Cast: Shroud of Golubri ||     6
  Use: Scroll            ||     8
       Potion            ||     1
  Eat: Chunk             ||     1
